 Dungeon Crawl Stone Soup version 0.27.1-34-g3ba077fa99 (webtiles) character file.

Game seed: 4130068982395674756

102 chmiii the Chucker (level 4, -1/44 HPs)
             Began as a Troll Hunter on Jan 30, 2022.
             Was an Initiate of Dithmenos.
             Slain by a gnoll (10 damage)
             ... on level 4 of the Dungeon.
             The game lasted 00:09:00 (2437 turns).

chmiii the Chucker (Troll Hunter)                   Turns: 2437, Time: 00:09:01

Health: -1/44      AC:  4    Str: 20    XL:     4   Next: 49%
Magic:  3/3        EV:  9    Int:  7    God:    Dithmenos [......]
Gold:   78         SH:  0    Dex: 11    Spells: 3/3 levels left

rFire    . . .     SeeInvis .   (no weapon)
rCold    . . .     Faith    .   (no shield)
rNeg     . . .     Spirit   .   b - +0 robe
rPois    .         Reflect  .   (helmet restricted)
rElec    .         Harm     .   (no cloak)
rCorr    .         Rampage  .   (gloves unavailable)
Will     .....                  (boots unavailable)
Stlth    +.........             (no amulet)
HPRegen  1.14/turn              (no ring)
MPRegen  0.08/turn              (no ring)

@: no status effects
A: large, unfitting armour, claws 3, regeneration 1, shaggy fur 1, tough skin 1
a: Renounce Religion


You were on level 4 of the Dungeon.
You worshipped Dithmenos.
Dithmenos was noncommittal.
You visited 1 branch of the dungeon, and saw 4 of its levels.

You collected 78 gold pieces.

Inventory:

Missiles
 c - 3 large rocks (quivered)
 d - 2 throwing nets
Armour
 b - a +0 robe (worn)
Scrolls
 a - 2 scrolls of fear {unknown}
 h - a scroll of torment {unknown}
 i - a scroll of silence {unknown}
 j - a scroll of brand weapon {unknown}
 k - a scroll of magic mapping
 l - 4 scrolls of teleportation {unknown}
Potions
 f - 2 potions of curing


   Skills:
 + Level 2.5 Fighting
 * Level 3.1 Maces & Flails
 - Level 3.6 Throwing
 - Level 1.5 Dodging
 - Level 0.3 Stealth


You had 3 spell levels left.
You didn't know any spells.
Your spell library was empty.

Dungeon Overview and Level Annotations

Branches:
Dungeon (4/15)
 Temple: D:4-7

Altars:
Dithmenos
Wu Jian
Xom

Shops:
D:2 (


Innate Abilities, Weirdness & Mutations

You are too large for most types of armour.
You have claws for hands.
Your natural rate of healing is unusually fast.
You are covered in fur. (AC +1)
You have tough skin. (AC +1)


Message History

The gnoll is heavily wounded.
The gnoll barely misses you. The goblin hits you with a +0 dagger.
You barely miss the gnoll.
The gnoll is heavily wounded.
The gnoll hits you with a +0 whip. The goblin closely misses you.
You claw the gnoll!
You kill the gnoll!
Dithmenos accepts your kill. The goblin hits you but does no damage.
You scratch the goblin.
You kill the goblin!
Dithmenos accepts your kill.
Things that are here:
a +0 whip; a gnoll corpse
There is a stone staircase leading down here.
You start resting.
HP restored.
You climb downwards.
The gnoll hits you with a +0 halberd. The gnoll hits you but does no damage.
There is a stone staircase leading up, spattered with blood here.
You see here a potion of degeneration.
You claw the gnoll!
The gnoll is severely wounded.
The gnoll hits you with a +0 halberd! The gnoll barely misses you.
You barely miss the gnoll.
The gnoll is severely wounded.
The gnoll hits you but does no damage.
The gnoll hits you from afar with a +0 spear.
You barely miss the gnoll.
The gnoll is severely wounded.
The gnoll hits you with a +0 halberd.
The gnoll hits you from afar with a +0 spear. x2
You closely miss the gnoll.
The gnoll is severely wounded.
The gnoll hits you with a +0 halberd!
The gnoll hits you from afar with a +0 spear.
* * * LOW HITPOINT WARNING * * *
The gnoll misses you. The gnoll hits you with a +0 halberd!
You die...

#.## #...# +#
...# ... #.##
.... #..##
.....
#...####(.....
#......(......
#g.g.###......
#@.g.# (....
#.#### ....
#.# ... #.# +#
#.# #.# #.#
#.#


You could see 3 gnolls.

Vanquished Creatures
  Natasha (D:4)
  A gnoll (D:3)
  An adder (D:2)
  An adder skeleton (D:2)
  A dart slug (D:3)
  3 ball pythons
  3 endoplasms
  A giant cockroach (D:1)
  5 goblins
  4 hobgoblins
  8 jackals
  A quokka (D:2)
  4 bats
  12 frilled lizards
  4 kobolds
  2 rats
52 creatures vanquished.

Vanquished Creatures (others)
  A demonic plant (D:1)
1 creature vanquished.

Grand Total: 53 creatures vanquished

Notes
Turn   | Place    | Note
-------+----------+-------------------------------------------
     0 | D:1      | chmiii the Troll Hunter began the quest for the Orb.
     0 | D:1      | Reached XP level 1. HP: 19/19 MP: 0/0
   241 | D:1      | Reached skill level 1 in Maces & Flails
   426 | D:1      | Reached XP level 2. HP: 28/28 MP: 1/1
   569 | D:1      | Found a faded altar of an unknown god.
  1021 | D:2      | Found Ryff's Antique Weapon Shoppe.
  1118 | D:2      | Reached XP level 3. HP: 35/35 MP: 2/2
  2210 | D:3      | Found a faded altar of an unknown god.
  2210 | D:3      | Found a shimmering altar of Xom.
  2217 | D:3      | Found a shadowy altar of Dithmenos.
  2219 | D:3      | Found an ornate altar of the Wu Jian Council.
  2221 | D:3      | Found a faded altar of an unknown god.
  2348 | D:3      | Became a worshipper of Dithmenos the Shadowed
  2401 | D:4      | Noticed Natasha
  2404 | D:4      | Killed Natasha
  2405 | D:4      | Reached XP level 4. HP: 44/44 MP: 3/3
  2437 | D:4      | Slain by a gnoll

Illustrated notes

Levels and vault maps discovered:
D:1:      lightli_arrival_quake, layout_basic, shapermc_ecumenical_altar_gd
D:2:      layout_basic, serial_shops, shop, nrook_mini_vaults,
          minmay_lizard_pond
D:3:      layout_basic, chequers_temple_overflow_minitemple, serial_forest,
          infiniplex_forest_clump_tiny, infiniplex_forest_lined_3,
          infiniplex_forest_end_2, infiniplex_forest_clump_medium,
          nrook_campfire
D:4:      layout_loops_corners, uniq_crazy_yiuf_cottage, uniq_blork_the_orc,
          uniq_natasha

Skill      XL: |  1  2  3 |
---------------+----------+-----
Maces & Flails | 1 2 3 |  3.1
Fighting       | 2 |  2.5
Throwing       | |  3.6
Dodging        | |  1.5
Stealth        | |  0.3

Action                   |  1- 3 |  4- 6 || total
-------------------------+-------+-------++-------
Melee: Unarmed           |   156 |     9 ||   165
Throw: Large rock        |     2 |       ||     2
  Use: Scroll            |     3 |       ||     3
Armor: Robe              |    85 |     4 ||    89
Dodge: Dodged            |    98 |     8 ||   106
